 Dungeon Crawl Stone Soup version 0.31-a0-437-g7cee417757 (webtiles) character file.

Game seed: 16447335680896220178

3582 Bnni the Carver (level 9, -1/84 HPs)
             Began as a Minotaur Fighter on Aug 2, 2023.
             Was a Follower of Elyvilon.
             Slain by a centaur warrior
             ... wielding a +0 flail
              (9 damage)
             ... on level 7 of the Dungeon.
             The game lasted 00:11:36 (7870 turns).

Bnni the Carver (Minotaur Fighter)                  Turns: 7870, Time: 00:11:36

Health: -1/84      AC: 11    Str: 20    XL:     9   Next: 84%
Magic:  7/12       EV:  7    Int:  5    God:    Elyvilon [*.....]
Gold:   87         SH:  5    Dex: 15    Spells: 8/8 levels left

rFire   . . .        E - +0 scimitar
rCold   . . .        c - +0 buckler
rNeg    . . .        x - +0 chain mail
rPois   .            (helmet restricted)
rElec   .            d - +0 cloak
rCorr   +            (no gloves)
SInv    .            G - +0 pair of boots {rampage}
Will    .....        (no amulet) Stlth
                     g - ring of resist corrosion
HPRegen 0.34/turn    (no ring)
MPRegen 0.13/turn

%: rampage
@: no status effects
A: horns 2, retaliatory headbutt
a: Renounce Religion, Purification


You were on level 7 of the Dungeon.
You worshipped Elyvilon.
Elyvilon was aware of your devotion.
You visited 2 branches of the dungeon, and saw 9 of its levels.

You collected 421 gold pieces.
You spent 322 gold pieces at shops.
You donated 12 gold pieces to Zin.

Inventory:

Hand Weapons
 E - a +0 scimitar (weapon)
Missiles
 k - a throwing net
 t - 3 poisoned darts
 u - 4 boomerangs
Armour
 c - a +0 buckler (worn)
 d - a +0 cloak (worn)
 x - a +0 chain mail (worn)
 G - a +0 pair of boots of rampaging (worn)
Jewellery
 g - a ring of resist corrosion (left hand)
 h - a ring of fire
Wands
 a - a wand of flame (15)
 B - a wand of paralysis (14)
 C - a wand of acid (16)
Scrolls
 i - 2 scrolls of teleportation {unknown}
 j - a scroll of fog
 l - a scroll of revelation {unknown}
 m - 2 scrolls of brand weapon
 p - 2 scrolls of poison {unknown}
 q - 3 scrolls of enchant armour
 z - 2 scrolls of enchant weapon
 D - a scroll of fear {unknown}
Potions
 b - a potion of haste {unknown}
 e - 7 potions of mutation {unknown}
 f - a potion of curing
 n - 2 potions of degeneration {unknown}
 o - 3 potions of brilliance {unknown}
 r - a potion of enlightenment {unknown}
 s - a potion of attraction {unknown}
 v - a potion of cancellation {unknown}
 w - a potion of ambrosia {unknown}
 A - 2 potions of lignification {unknown}
 F - a potion of might


   Skills:
 + Level 9.5 Fighting
 * Level 12.3 Long Blades
 - Level 3.6 Armour
 - Level 5.0 Shields
 + Level 5.7 Invocations


You had 8 spell levels left.
You didn't know any spells.
Your spell library contained the following spells:

 Spells                   Type           Power      Damage    Failure   Level
 Wereblood                Tmut           0%         N/A       100%        2
 Portal Projectile        Hex/Tloc       0%         N/A       100%        3
 Tukima's Dance           Hex            0%         N/A       100%        3
 Iskenderun's Mystic Bla  Conj/Tloc      0%         2d3       100%        4
 Irradiate                Conj/Tmut      0%         3d11      100%        5


Dungeon Overview and Level Annotations

Branches:
Dungeon (8/15)             Temple (1/1) D:5
   Lair: D:8-11

Altars:
Ashenzari
Cheibriados
Dithmenos
Elyvilon
Gozag
Kikubaaqudgha
Makhleb
Nemelex Xobeh
Okawaru
Ru
Trog
Vehumet
Wu Jian
Xom
Yredelemnul
Zin

Shops:
D:1 [   D:3 !   D:7 *


Innate Abilities, Weirdness & Mutations

You have a pair of horns on your head.
You reflexively headbutt those who attack you in melee.


Message History

The centaur warrior wields a +0 flail.
The centaur warrior misses you.
The centaur warrior kicks you but does no damage.
You climb upwards.
There is a stone staircase leading down here.
Unknown command.
You slash the centaur warrior!
The centaur warrior is moderately wounded.
The centaur warrior hits you with a +0 flail.
The centaur warrior kicks you but does no damage.
You closely miss the centaur warrior.
The centaur warrior is moderately wounded.
The centaur warrior hits you with a +0 flail.
The centaur warrior kicks you but does no damage.
The centaur warrior hits you with a +0 flail!
* * * LOW HITPOINT WARNING * * *
You block the centaur warrior's attack.
You slash the centaur warrior! You headbutt the centaur warrior!
The centaur warrior is severely wounded.
The centaur warrior hits you but does no damage.
The centaur warrior closely misses you.
You hit the centaur warrior.
The centaur warrior is severely wounded.
The centaur warrior hits you with a +0 flail!
* * * LOW HITPOINT WARNING * * *
The centaur warrior kicks you but does no damage.
You hit the centaur warrior but do no damage.
The centaur warrior is severely wounded.
The centaur warrior hits you with a +0 flail!
* * * LOW HITPOINT WARNING * * *
The centaur warrior barely misses you.
Unknown command.
You feel better.
The centaur warrior hits you with a +0 flail!
Elyvilon protects you from harm!
You block the centaur warrior's attack. x2
The centaur warrior closely misses you.
You completely miss the centaur warrior.
The centaur warrior is severely wounded.
The centaur warrior hits you with a +0 flail!
You die...

#...#.#...#..........####..
#..#####..##...........##..
##.# #.>.##.............. ###
#...#.......#....#..
#...........##...#.(
#...................
##.............#....
###...........##....
#..@.......#........
##.)c...#.....#.....
##.)....#.....##.#..
#...<..........###..
#.............####..
##.............##.##.
#....................
#########..........<..####..#
#####.##...##).............#
####


You could see a centaur warrior.

Vanquished Creatures
  A shadow (D:8)
  A yak (D:8)
  Menkaure (D:7)
  A water moccasin (D:7)
  4 orc warriors
  A sky beast (D:7)
  A centaur (D:7)
  4 ogres
  A kobold brigand (D:8)
  A bullfrog (D:8)
  A scorpion (D:7)
  A wight (D:8)
  An iron imp (D:7)
  2 jellies
  3 hounds
  4 orc priests
  A sleepcap (D:7)
  Crazy Yiuf (D:3)
  2 iguanas (D:5)
  4 orc wizards
  Robin (D:2)
  5 adders
  A gnoll (D:4)
  2 white imps
  3 ufetubi
  2 worms
  A dart slug (D:2)
  24 orcs
  5 ball pythons
  4 bats
  3 endoplasms
  5 giant cockroaches
  16 goblins
  11 hobgoblins
  2 jackals (D:2)
  2 quokkas
  6 frilled lizards
  5 kobolds
  A rat (D:1)
135 creatures vanquished.

Vanquished Creatures (others)
  A manticore (D:8)
  A yak (D:8)
  A water moccasin (D:8)
  A gnoll sergeant (D:8)
  A killer bee (D:8)
  A howler monkey (D:8)
  An orc priest (D:8)
  A sleepcap (D:8)
  A white imp (D:8)
9 creatures vanquished.

Grand Total: 144 creatures vanquished

Notes
Turn   | Place    | Note
-------+----------+-------------------------------------------
     0 | D:1      | Bnni the Minotaur Fighter began the quest for the Orb.
     0 | D:1      | Reached XP level 1. HP: 19/19 MP: 0/0
   153 | D:1      | Reached XP level 2. HP: 27/27 MP: 1/1
   436 | D:1      | Reached skill level 3 in Long Blades
   662 | D:1      | Found Ykkawk's Antique Armour Shop.
   975 | D:2      | Reached XP level 3. HP: 33/33 MP: 2/2
  1092 | D:2      | Noticed Robin
  1119 | D:2      | Killed Robin
  1341 | D:2      | Reached XP level 4. HP: 40/40 MP: 3/3
  1677 | D:3      | Found Nibog's Distillery.
  1693 | D:3      | Bought a potion of heal wounds for 70 gold pieces
  1740 | D:3      | Reached skill level 4 in Long Blades
  1846 | D:3      | Reached skill level 5 in Shields
  2114 | D:3      | Found a radiant altar of Vehumet.
  2391 | D:3      | Found a runed translucent door.
  2392 | D:3      | Noticed Crazy Yiuf
  2399 | D:3      | Killed Crazy Yiuf
  2400 | D:3      | Reached XP level 5. HP: 23/47 MP: 4/4
  2513 | D:4      | Found a sparkling altar of Nemelex Xobeh.
  2555 | D:3      | Bought a potion of curing for 42 gold pieces
  2735 | D:4      | Noticed an ogre
  2740 | D:4      | Reached skill level 5 in Long Blades
  2884 | D:4      | Reached skill level 5 in Fighting
  2898 | D:4      | Reached XP level 6. HP: 30/56 MP: 5/5
  3024 | D:4      | Reached skill level 6 in Long Blades
  3179 | D:4      | Found a bloodstained altar of Trog.
  3421 | D:4      | HP: 2/56 [ogre/+0 giant spiked club (14)]
  3644 | D:4      | Reached skill level 7 in Long Blades
  3644 | D:4      | Reached XP level 7. HP: 63/63 MP: 6/6
  3785 | D:5      | Entered Level 5 of the Dungeon
  3865 | D:5      | Found a glowing silver altar of Zin.
  3872 | D:5      | Found an ornate altar of the Wu Jian Council.
  3949 | D:5      | Became a worshipper of Zin the Law-Giver
  4079 | D:5      | Reached * piety under Zin
  4164 | D:5      | Found a staircase to the Ecumenical Temple.
  4293 | Temple   | Entered the Ecumenical Temple
  4300 | Temple   | Fell from the grace of Zin
  4300 | Temple   | Became a worshipper of Elyvilon the Healer
  4620 | D:5      | Reached skill level 1 in Invocations
  4644 | D:5      | HP: 3/64 [orc warrior/+0 scimitar (8)]
  4650 | D:5      | Reached skill level 8 in Long Blades
  5392 | D:6      | Reached * piety under Elyvilon
  5659 | D:6      | Reached XP level 8. HP: 70/73 MP: 8/8
  6039 | D:7      | Reached skill level 9 in Long Blades
  6277 | D:1      | Bought a pair of glowing boots for 210 gold pieces
  6417 | D:7      | Reached ** piety under Elyvilon
  6864 | D:7      | Found Gozag's Platinum Reserve.
  6922 | D:7      | Found an opulent altar of Gozag.
  6998 | D:7      | Noticed Menkaure
  7003 | D:7      | Killed Menkaure
  7004 | D:7      | Reached skill level 10 in Long Blades
  7261 | D:7      | Found a snail-covered altar of Cheibriados.
  7452 | D:8      | Found a shimmering altar of Xom.
  7545 | D:8      | Noticed a hornet
  7561 | D:8      | Reached XP level 9. HP: 41/80 MP: 11/11
  7570 | D:8      | Paralysed by a hornet for 1 turns
  7695 | D:8      | Reached skill level 11 in Long Blades
  7824 | D:8      | Reached skill level 5 in Invocations
  7825 | D:8      | Noticed a manticore
  7827 | D:8      | Noticed a manticore
  7828 | D:8      | Pacified a manticore
  7830 | D:8      | Killed a manticore
  7850 | D:8      | Reached skill level 12 in Long Blades
  7856 | D:8      | Noticed a two-headed ogre
  7859 | D:8      | Noticed a centaur warrior
  7868 | D:7      | HP: 2/84 [centaur warrior/+0 flail (15)]
  7869 | D:7      | Elyvilon protects you from harm!
  7870 | D:7      | Slain by a centaur warrior

Illustrated notes

Levels and vault maps discovered:
D:1:      dpeg_arrival_fog, layout_basic, serial_shops, shop
D:2:      layout_basic, uniq_robin
D:3:      layout_basic, nicolae_vehumet_radiance, serial_shops, shop,
          uniq_crazy_yiuf_cottage
D:4:      layout_basic, trog_book, amcnicky_altar_gilded, cheibrodos_gnoll_hut
D:5:      layout_loops_cross, overflow_temple_1_default,
          nicolae_overflow_hidden_temple, minmay_temple_entry_poolview
D:6:      layout_basic
D:7:      layout_cave_pools, nicolae_gozag_zags_fifth_avenue, slow_altar_1,
          uniq_menkaure
D:8:      nzn_winding_woodlands_stair_cross
          [nzn_winding_woodlands_5x15_pathside_ponds,
          nzn_winding_woodlands_center_pierced_h,
          nzn_winding_woodlands_5x15_pockets,
          nzn_winding_woodlands_5x5_open_star, nzn_winding_woodlands_5x5_three,
          nzn_winding_woodlands_5x15_default,
          nzn_winding_woodlands_center_garden,
          nzn_winding_woodlands_5x15_split_checker], layout_loops_ring, tgw_xom,
          eat_drink_and_be_merry_uskayaw, mainiacjoe_overflow_tiny_flanked,
          grunt_ogre_cave, uniq_maggie
Temple:   nicolae_temple_ecumenical_triangle

Skill      XL: |  1  2  3  4  5  6  7  8  9 |
---------------+----------------------------+-----
Shields        | 4 5 |  5.0
Long Blades    | 3 4 5 7 8 10 12 | 12.3
Fighting       | 4 5 6 7 8 9 |  9.5
Invocations    | 2 4 5 |  5.7
Armour         | |  3.6

Action                     |  1- 3 |  4- 6 |  7- 9 || total
---------------------------+-------+-------+-------++-------
  Melee: Long sword        |    80 |    20 |    70 ||   170
         Headbutt          |     7 |    22 |    57 ||    86
         Dagger            |     8 |    87 |       ||    95
         Scimitar          |       |       |   185 ||   185
  Throw: Boomerang         |       |     1 |       ||     1
         Throwing net      |       |       |     1 ||     1
 Invoke: Recite            |       |       |     1 ||     1
         Purification      |       |       |     1 ||     1
         Heal Other        |       |       |    10 ||    10
  Evoke: Wand              |       |       |    10 ||    10
    Use: Potion            |       |     4 |     6 ||    10
         Scroll            |       |       |     8 ||     8
   Stab: Paralysed         |       |       |     9 ||     9
 Armour: Scale mail        |    43 |    18 |       ||    61
         Chain mail        |       |    14 |    98 ||   112
  Dodge: Dodged            |    35 |    27 |    61 ||   123
  Block: Buckler           |    23 |    20 |    43 ||    86

Table legend: (Time is in decaauts)
 A = Elapsed time spent in this place.
 B = Non-inter-level travel time spent in this place.
 C = Inter-level travel time spent in this place.
 D = Time resting spent in this place.
 E = Time spent auto-exploring this place.
 F = Levels seen in this place.
 G = Mean time per level.
                   A        B        C        D        E       F      G
               +--------+--------+--------+--------+--------+-----+--------+
         Total |   7889 |   7368 |    521 |   1274 |   5059 |   9 |  876.6 |
       Dungeon |   7874 |   7359 |    515 |   1274 |   5059 |   8 |  984.2 |
        Temple |     14 |      8 |      6 |      0 |      0 |   1 |   14.0 |
               +--------+--------+--------+--------+--------+-----+--------+

Top non-repeatable levels by time:
     D:5: 1517 daAuts
     D:4: 1200 daAuts
     D:7: 1067 daAuts
     D:2: 1024 daAuts
     D:3: 952 daAuts
     D:6: 810 daAuts
     D:1: 782 daAuts
     D:8: 519 daAuts
  Temple: 14 daAuts
